 Dungeon Crawl Stone Soup version 0.29-a0-317-gd16b76e6b1 (webtiles) character file.

Game seed: 3011150863058327325

25610 Ajdolov the Brawler (level 10, 0/108 (113) HPs)
             Began as a Troll Delver on Mar 30, 2022.
             Was a High Priest of Ru.
             Slain by a sixfirhy (7 damage)
             ... on level 1 of the Abyss.
             The game lasted 00:30:28 (13303 turns).

Ajdolov the Brawler (Troll Delver)                 Turns: 13303, Time: 00:30:28

HP:   0/108 (113)   AC:  9    Str: 26    XL:     10   Next: 91%
MP:   0/9           EV: 13    Int:  6    God:    Ru [*****.]
Gold: 298           SH:  0    Dex: 17    Spells: 9/9 levels left

rFire   . . .      SeeInvis .     - Unarmed
rCold   . . .      Faith    .   (no shield)
rNeg    . . .      Spirit   +   J - +0 acid dragon scales
rPois   .          Reflect  .   (helmet restricted)
rElec   .          Harm     .   l - +0 cloak
rCorr   +          Rampage  .   (gloves unavailable)
Will    .....                   (boots unavailable)
Stlth   ..........              A - amulet of guardian spirit
HPRegen 1.08/turn               t - +4 ring of evasion
MPRegen 0.11/turn               E - +6 ring of dexterity

@: exhausted, lightly drained
A: large, unfitting armour, claws 3, regeneration 1, shaggy fur 1, tough skin 1,
no stealth, inability to train dodging, inexperienced 1, missing an eye
a: Renounce Religion, Draw Out Power, Power Leap, Apocalypse


You were on level 1 of the Abyss.
You worshipped Ru.
Ru was extremely pleased with you.
You visited 3 branches of the dungeon, and saw 17 of its levels.
You visited the Abyss 1 time.
You also visited: Bailey.

You collected 1018 gold pieces.
You spent 720 gold pieces at shops.

Inventory:

Missiles
 K - 3 curare-tipped darts (quivered)
Armour
 l - a +0 cloak (worn)
 J - +0 acid dragon scales (worn)
Jewellery
 t - a +4 ring of evasion (left claw)
 A - an amulet of guardian spirit (around neck)
 E - a +6 ring of dexterity (right claw)
 Q - a ring of ice
Wands
 f - a wand of digging (9)
 p - a wand of charming (9)
 y - a wand of paralysis (5)
 C - a wand of iceblast (19)
 F - a wand of polymorph (18)
 H - a wand of flame (3)
 P - a wand of mindburst (7)
Scrolls
 b - 2 scrolls of fog
 c - a scroll of magic mapping
 d - a scroll of fear
 g - 7 scrolls of identify
 h - 7 scrolls of enchant weapon
 m - 2 scrolls of vulnerability
 n - 3 scrolls of summoning
 o - a scroll of enchant armour {unknown}
 q - 5 scrolls of immolation
 r - 6 scrolls of teleportation
 v - 2 scrolls of holy word {unknown}
 w - a scroll of noise {unknown}
 B - a scroll of torment {unknown}
 D - 2 scrolls of silence {unknown}
 M - a scroll of amnesia {unknown}
 O - a scroll of acquirement {unknown}
Potions
 a - 4 potions of heal wounds {unknown}
 e - 2 potions of haste
 i - 2 potions of attraction {unknown}
 j - 5 potions of brilliance {unknown}
 k - 8 potions of mutation {unknown}
 s - 6 potions of might
 u - 4 potions of degeneration {unknown}
 x - a potion of curing
 z - 3 potions of invisibility {unknown}
 G - 4 potions of lignification {unknown}
 I - 2 potions of magic {unknown}
 L - 2 potions of cancellation {unknown}
 N - a potion of ambrosia {unknown}
 R - a potion of resistance {unknown}
 S - a potion of flight {unknown}


   Skills:
 + Level 11.1 Fighting
 * Level 17.7 Unarmed Combat


You had 9 spell levels left.
You didn't know any spells.
Your spell library contained the following spells:

 Spells                   Type           Power      Damage    Failure   Level
 Sting                    Tmut/Pois      0%         1d3       52%         1
 Ensorcelled Hibernation  Hex/Ice        0%         N/A       67%         2
 Ignite Poison            Fire/Tmut/Pois 0%         N/A       88%         3
 Mephitic Cloud           Conj/Pois/Air  0%         N/A       88%         3
 Ozocubu's Armour         Ice            0%         N/A       88%         3
 Spider Form              Tmut/Pois      0%         N/A       88%         3
 Anguish                  Hex/Necr       0%         N/A       99%         4
 Animate Dead             Necr           0%         N/A       99%         4
 Freezing Cloud           Conj/Ice/Air   0%         6-21      100%        5
 Haunt                    Necr/Summ      0%         N/A       100%        7
 Malign Gateway           Summ/Tloc      0%         N/A       100%        7
 Ozocubu's Refrigeration  Ice            0%         4d5       100%        7
 Infestation              Necr           0%         N/A       100%        8
 Summon Horrible Things   Summ           0%         N/A       100%        8


Dungeon Overview and Level Annotations

Branches:
Dungeon (14/15)            Temple (1/1) D:5            Lair (2/6) D:11
    Orc (0/2) D:11         Bailey (visited)
  Swamp: Lair:2-4    Shoals: Lair:2-4     Snake: Lair:2-4    Spider: Lair:2-4
 Vaults: D:13-14

Altars:
Ashenzari
Cheibriados
Dithmenos
Elyvilon
Fedhas
Gozag
Hepliaklqana
Kikubaaqudgha
Makhleb
Nemelex Xobeh
Okawaru
Qazlal
Ru
Sif Muna
Trog
Uskayaw
Vehumet
Wu Jian
Xom
Yredelemnul
Zin
The Shining One
Ignis

Shops:
D:1 [   D:6 =:   D:10 *   D:11 !*[(   D:13 !

Portals:
Abyss: D:7

Annotations:
D:7 2 transporters, hypnoticadvantage's ghost, novice MiBe
D:14 Snorg
Lair:2 Sonja


Innate Abilities, Weirdness & Mutations

You are too large for most types of armour.
You have claws for hands.
Your natural rate of healing is unusually fast.
You are covered in fur. (AC +1)
You have tough skin. (AC +1)
You cannot be stealthy.
You cannot train Dodging skill.
You are somewhat inexperienced. (-2 XL)
You are missing an eye, making it more difficult to aim.


Message History

A starcursed mass splits.
A deafening chorus of shrieks assaults your mind!
A sixfirhy comes into view.
Found a gateway leading deeper into the Abyss.
The starcursed mass is no longer blind. x2
A deafening chorus of shrieks assaults your mind!
The sixfirhy hits you. The sixfirhy shocks you! The iron imp hits you.
The sixfirhy hits you! The sixfirhy shocks you!
* * * LOW HITPOINT WARNING * * *
The sixfirhy closely misses you.
You are restored by drawing out deep reserves of power within.
You feel drained.
The thrashing horror is no longer blind.
A starcursed mass splits.
The sixfirhy attacks as you move away! The sixfirhy hits you.
The sixfirhy shocks you!
You focus your inner power and illuminate the sixfirhy in retribution!
The iron imp closely misses you.
A deafening chorus of shrieks assaults your mind!
You suddenly lose the ability to move!
The thrashing horror is stunned by your conviction and fails to attack.
You can move again.
The thrashing horror attacks as you move away!
The thrashing horror misses you. x2
The sixfirhy hits you but does no damage.
A deafening chorus of shrieks assaults your mind!
* * * LOW HITPOINT WARNING * * *
The thrashing horror tramples you!
* * * LOW HITPOINT WARNING * * *
You stumble backwards!
A starcursed mass splits.
The sixfirhy hits you but does no damage.
The sixfirhy attacks as you move away! The sixfirhy hits you.
* * * LOW HITPOINT WARNING * * *
The sixfirhy shocks you!
* * * LOW HITPOINT WARNING * * *
The thrashing horror roars!
The sixfirhy hits you.
* * * LOW HITPOINT WARNING * * *
The sixfirhy shocks you!
You die...

## #.#....## .
##..#...* #. ..
##..#.....#. #.. ##
###.##..#....#.. #.#
#..#.#X.........# #.
#.##.# #...#....####
....#...###XX.##*...#
#..>..##X....##.#
#.#@#X.#XXX#..##
##..3..X....###
#....X..5##....
#.###..#...####. #..
#.#...## #.#
..#.#...# .# ##.
.#..... #.
..#.#.##..# #.. #.#
.##


You could see a starcursed mass, a thrashing horror, a sixfirhy (corona) and an
iron imp.

Vanquished Creatures
  Rupert (D:13)
  Fannar (Lair:2)
  Josephine (D:13)
  2 vault guards (Bailey)
  Erica (D:9)
  A two-headed ogre (D:10)
  2 manticores
  An ugly thing (D:13)
  Maurice (D:13)
  A cane toad (Lair:2)
  A gargoyle (D:13)
  4 komodo dragons
  A kobold demonologist (D:9)
  6 trolls
  Prince Ribbit (D:8)
  6 slime creatures
  12 blink frogs
  A water elemental (D:11)
  4 wraiths
  32 yaks
  2 wyverns
  3 humans (Bailey)
  2 basilisks (Lair:1)
  Grum (D:8)
  2 steam dragons
  4 vampire mosquitoes (D:11)
  An acid dragon (D:9)
  2 water moccasins
  4 orc warriors
  2 ice beasts (D:8)
  3 sky beasts
  2 black bears
  2 ogres
  A centaur (D:7)
  3 wolves (D:8)
  5 kobold brigands
  3 gnoll sergeants
  Blork the orc (D:6)
  17 bullfrogs
  3 necrophages
  4 scorpions
  8 killer bees
  7 electric eels
  4 howler monkeys
  A jelly (D:5)
  4 gnoll shamans (D:6)
  4 hounds
  6 orc priests
  2 iguanas (D:4)
  4 orc wizards
  36 gnolls
  4 adders
  2 shadow imps
  A white imp (D:5)
  2 worms (D:2)
  5 dart slugs
  41 orcs
  5 bats
  8 endoplasms
  2 giant cockroaches
  7 goblins
  11 hobgoblins
  8 jackals
  26 kobolds
  2 quokkas
  5 ball pythons
  4 frilled lizards
  5 rats
361 creatures vanquished.

Vanquished Creatures (others)
  A slime creature (D:10)
  A wyvern (Lair:2)
  A killer bee (D:7)
  2 kobolds (D:8)
  A bush (Lair:2)
  25 fungi
  105 plants
136 creatures vanquished.

Grand Total: 497 creatures vanquished

Notes
Turn   | Place    | Note
-------+----------+-------------------------------------------
     0 | D:5      | Ajdolov the Troll Delver began the quest for the Orb.
     0 | D:5      | Reached XP level 1. HP: 22/22 MP: 0/0
     7 | D:5      | Noticed a scorpion
    14 | D:5      | Noticed a bullfrog
    14 | D:5      | Noticed a hound
    32 | D:4      | Killed a bullfrog
    33 | D:4      | Reached skill level 3 in Unarmed Combat
    33 | D:4      | Reached XP level 2. HP: 14/31 MP: 1/1
    33 | D:4      | Reached XP level 3. HP: 17/37 MP: 2/2
    80 | D:4      | Reached XP level 4. HP: 21/45 MP: 3/3
    82 | D:4      | Reached skill level 4 in Unarmed Combat
   237 | D:4      | Reached XP level 5. HP: 53/53 MP: 4/4
   517 | D:4      | Reached skill level 5 in Unarmed Combat
   576 | D:4      | Reached XP level 6. HP: 54/62 MP: 5/5
   736 | D:4      | Found a white marble altar of Elyvilon.
   741 | D:4      | Found an iron altar of Okawaru.
   741 | D:4      | Found a bloodstained altar of Trog.
   742 | D:4      | Found a glowing golden altar of the Shining One.
   743 | D:4      | Found a hazy altar of Hepliaklqana.
   792 | D:4      | Found a snail-covered altar of Cheibriados.
   862 | D:4      | Reached skill level 6 in Unarmed Combat
  1203 | D:5      | Reached XP level 7. HP: 65/70 MP: 6/6
  1286 | D:5      | Reached skill level 7 in Unarmed Combat
  1439 | D:5      | Found a staircase to the Ecumenical Temple.
  1442 | D:5      | Reached skill level 5 in Fighting
  1444 | D:5      | Reached XP level 8. HP: 57/80 MP: 7/7
  1451 | Temple   | Entered the Ecumenical Temple
  1544 | Temple   | Became a worshipper of Ru the Awakened
  2077 | D:3      | Reached skill level 8 in Unarmed Combat
  2689 | D:3      | Found a faded altar of an unknown god.
  2704 | D:3      | Gained mutation: You are missing an eye, making it more
                  | difficult to aim. [Ru sacrifice]
  2704 | D:3      | Reached * piety under Ru
  2716 | D:3      | Got Plato's Almanac of Envenoming
  2987 | D:2      | Found a shadowy altar of Dithmenos.
  3870 | D:1      | Found Naufrux's Armour Emporium.
  3874 | D:1      | Bought a +0 troll leather armour for 165 gold pieces
  4205 | D:6      | Noticed a troll
  4315 | D:5      | Reached skill level 9 in Unarmed Combat
  4363 | D:5      | Killed a troll
  4553 | D:6      | Noticed Blork the orc
  4560 | D:6      | Killed Blork the orc
  4561 | D:6      | Reached XP level 9. HP: 89/89 MP: 8/8
  4566 | D:6      | Reached skill level 10 in Unarmed Combat
  4684 | D:6      | Found Joqumufi's Jewellery Emporium.
  4705 | D:6      | Gained mutation: You cannot train Dodging skill. [Ru
                  | sacrifice]
  4705 | D:6      | Reached ** piety under Ru
  4773 | D:6      | Found Pidahot's Book Shop.
  4861 | D:6      | Found a hide-covered altar of Uskayaw.
  4985 | D:6      | Identified the +0 robe of Soft Rains {rC+ Str+3}
  5160 | D:7      | Noticed a red devil
  5165 | D:7      | Found a glowing silver altar of Zin.
  5525 | D:7      | Found an opulent altar of Gozag.
  5543 | D:7      | Reached skill level 11 in Unarmed Combat
  5557 | D:7      | Found a transporter.
  5568 | D:7      | Noticed an ice devil
  5664 | D:7      | Found a transporter.
  5670 | D:7      | Found a one-way gate to the infinite horrors of the Abyss.
  5673 | D:7      | Noticed hypnoticadvantage's ghost (novice MiBe)
  6588 | D:8      | Noticed Grum
  6609 | D:8      | Killed Grum
  6610 | D:8      | Reached XP level 10. HP: 98/102 MP: 7/9
  6621 | D:8      | Found a flagged portal.
  6635 | Bailey   | Entered a bailey
  6658 | Bailey   | Reached skill level 12 in Unarmed Combat
  6764 | Bailey   | Noticed a vault guard
  6788 | Bailey   | Killed a vault guard
  6881 | Bailey   | Noticed a vault guard
  6892 | Bailey   | Killed a vault guard
  6893 | Bailey   | Reached skill level 13 in Unarmed Combat
  7054 | Bailey   | Gained mutation: You are somewhat inexperienced. (-2 XL)
                  | [Ru sacrifice]
  7054 | Bailey   | Reached XP level 9. HP: 96/96 MP: 8/8
  7054 | Bailey   | Reached XP level 8. HP: 88/88 MP: 7/7
  7054 | Bailey   | Reached *** piety under Ru
  7054 | Bailey   | Reached **** piety under Ru
  7090 | D:8      | Noticed Prince Ribbit
  7118 | D:8      | Killed Prince Ribbit
  7753 | D:9      | Reached XP level 9. HP: 89/97 MP: 8/8
  7766 | D:9      | Reached skill level 14 in Unarmed Combat
  8018 | D:9      | Noticed Erica
  8063 | D:9      | Killed Erica
  8316 | D:10     | Entered Level 10 of the Dungeon
  8332 | D:10     | Noticed a two-headed ogre
  8389 | D:10     | Killed a two-headed ogre
  8478 | D:10     | Found Wustriakk's Assorted Antiques.
  8485 | D:10     | Bought a scroll of teleportation for 75 gold pieces
  8838 | D:10     | Found a sparkling altar of Nemelex Xobeh.
  9212 | D:11     | Found Fannexid's Assorted Antiques.
  9214 | D:11     | Found Raoc's Weapon Shoppe.
  9214 | D:11     | Found Zoyjonun's Armour Emporium.
  9214 | D:11     | Found Xesemiss's Distillery.
  9231 | D:11     | Bought a potion of curing for 48 gold pieces
  9277 | D:11     | Gained mutation: You cannot be stealthy. [Ru sacrifice]
  9277 | D:11     | Reached ***** piety under Ru
  9345 | D:11     | Reached skill level 15 in Unarmed Combat
  9710 | D:11     | Found a staircase to the Orcish Mines.
  9914 | D:11     | You fall into a shaft and drop 3 floors!
  9914 | D:14     | Noticed Snorg
  9918 | D:13     | Noticed a cyan ugly thing
  9922 | D:13     | Killed a cyan ugly thing
  9951 | D:13     | Noticed Rupert
  9958 | D:13     | Paralysed by Rupert for 5 turns
  9985 | D:13     | Killed Rupert
  9986 | D:13     | Reached skill level 10 in Fighting
  9986 | D:13     | Reached skill level 16 in Unarmed Combat
  9986 | D:13     | Reached XP level 10. HP: 21/110 MP: 1/9
 10228 | D:13     | Found Guybb's Distillery.
 10237 | D:13     | Bought a potion of might for 72 gold pieces
 10237 | D:13     | Bought a potion of might for 72 gold pieces
 10237 | D:13     | Bought a potion of curing for 54 gold pieces
 10237 | D:13     | Bought a potion of haste for 180 gold pieces
 10237 | D:13     | Bought a potion of curing for 54 gold pieces
 10345 | D:13     | Noticed Maurice
 10350 | D:13     | Killed Maurice
 10564 | D:13     | Noticed Josephine
 10741 | D:13     | Killed Josephine
 11140 | D:13     | Found a blossoming altar of Fedhas.
 11344 | D:11     | Found a staircase to the Lair.
 11452 | Lair:1   | Entered Level 1 of the Lair of Beasts
 12250 | Lair:2   | Noticed Fannar
 12280 | Lair:2   | Killed Fannar
 12365 | Lair:2   | Reached skill level 17 in Unarmed Combat
 12903 | Lair:2   | Noticed Sonja
 12905 | Lair:2   | Noticed a boulder beetle
 13244 | Lair:2   | Cast into level 1 of the Abyss (Sonja)
 13260 | Abyss:1  | Found a corrupted altar of Lugonu.
 13291 | Abyss:1  | Noticed a starcursed mass
 13301 | Abyss:1  | Paralysed by accursed screaming for 1 turns
 13303 | Abyss:1  | Slain by a sixfirhy

Illustrated notes

Levels and vault maps discovered:
D:1:      wander_arrival_estate, layout_rooms, serial_shops, shop_fountains,
          minmay_statues_item
D:2:      layout_loops_ring, basic_altar
D:3:      layout_basic, serial_co_window_serial, co_window_paths_b,
          co_window_corner_a, co_window_of_opportunity_a, co_window_paths_a,
          co_window_corner_a, co_window_corner_ca, co_window_cross_2,
          co_window_broadway_c, co_window_broadway_a, co_window_4corner_a,
          co_window_paths_d, shapermc_ecumenical_altar_rom_forum
D:4:      layout_loops_corners, kennysheep_slug_shrine,
          grunt_temple_overflow_open, dreamdust_wishing_well
D:5:      layout_rooms, minmay_temple_entry_grid, minivault_14, minivault_4,
          chequers_hall_statues_corner_a
D:6:      layout_cave_pools, nicolae_uskayaw_dance_studio, serial_shops,
          nicolae_take_the_stairs, serial_gnoll_camp, gnoll_camp_mini_hut,
          gnoll_camp_mini_hut, gnoll_camp_mini_shop, gnoll_camp_mini_loothouse,
          gnoll_camp_mini_hut, uniq_blork_the_orc
D:7:      layout_layer_cave, nicolae_overflow_crystal_walls,
          mainiacjoe_overflow_paths, gammafunk_ghost_abyssal_escape
D:8:      layout_cave_pools, enter_bailey_4, uniq_prince_ribbit1, uniq_grum
D:9:      layout_basic, serial_bayou, serial_bayou_lake_a, serial_bayou_pond_e,
          serial_bayou_lagoon_a, serial_bayou_pond_a, serial_bayou_pond_e,
          st_stairs_4, minmay_between, uniq_erica
D:10:     layout_long_grid, overflow_temple_1_default, serial_shops, shop,
          minmay_misc_feat_nine_boxes, kennysheep_generic_room_13
D:11:     layout_rooms, grunt_lair_entry_orc_guard_hut, david_orc_2,
          nicolae_wooded_promenade
D:12:     minmay_sliced_demisemicircle, layout_basic, serial_shops,
          nicolae_stop_n_shop_2, uniq_lodul
D:13:     layout_basic, gauntlet_entry_generic, serial_shops,
          nicolae_shop_crystal, fedhas_altar_4, uniq_josephine, uniq_maurice,
          uniq_rupert
D:14:     layout_loops_ring, david_vaults_5, nemelex_lonely_heart_becter,
          uniq_snorg
Temple:   ebering_untended_altars
Lair:1:   layout_chaotic_city, grunt_forest_small_clearings, minmay_hedge_maze
Lair:2:   layout_loops_ring, infiniplex_staircase_pool, uniq_fannar, uniq_sonja
Abyss:1:  base:
Lair:2

Skill      XL: |  1  2  3  4  5  6  7  8  9 10 |
---------------+-------------------------------+-----
Fighting       | 3 4 5 6 10 11 | 11.1
Unarmed Combat | 3 4 5 6 7 9 16 17 | 17.7
Dodging        | 0 |  0.0
Stealth        | 0 |  0.0

Action                   |  1- 3 |  4- 6 |  7- 9 | 10-12 || total
-------------------------+-------+-------+-------+-------++-------
Melee: Unarmed           |    17 |   116 |   824 |   284 ||  1241
       Punch             |     2 |     3 |    29 |    25 ||    59
Throw: Dart              |       |       |     3 |       ||     3
       Throwing net      |       |       |     1 |       ||     1
Invok: Sacrifice Experie |       |       |     1 |       ||     1
       Sacrifice an Eye  |       |       |     1 |       ||     1
       Draw Out Power    |       |       |     2 |     1 ||     3
       Power Leap        |       |       |     2 |       ||     2
       Sacrifice Stealth |       |       |     1 |       ||     1
       Sacrifice Nimblen |       |       |     1 |       ||     1
       Apocalypse        |       |       |       |     1 ||     1
       Reject Sacrifices |       |       |       |     1 ||     1
Evoke: Wand              |       |       |     2 |     2 ||     4
  Use: Scroll            |       |       |     5 |     1 ||     6
       Potion            |       |       |     2 |     4 ||     6
 Stab: Sleeping          |       |     1 |    12 |       ||    13
       Distracted        |       |     1 |     4 |       ||     5
       Invisible         |       |       |     2 |     6 ||     8
Armor: Robe              |     7 |    30 |    64 |       ||   101
       Troll leather arm |       |       |   109 |    16 ||   125
       Acid dragon scale |       |       |    35 |    35 ||    70
       Skin              |       |       |     2 |       ||     2
Dodge: Dodged            |    11 |    36 |   426 |   140 ||   613

Table legend: (Time is in decaauts)
 A = Elapsed time spent in this place.
 B = Non-inter-level travel time spent in this place.
 C = Inter-level travel time spent in this place.
 D = Time resting spent in this place.
 E = Time spent auto-exploring this place.
 F = Levels seen in this place.
 G = Mean time per level.
                   A        B        C        D        E       F      G
               +--------+--------+--------+--------+--------+-----+--------+
         Total |  13082 |  12499 |    583 |    913 |   8711 |  19 |  688.5 |
       Dungeon |  10764 |  10212 |    552 |    618 |   7226 |  14 |  768.9 |
        Temple |    102 |     94 |      8 |      0 |     65 |   1 |  102.0 |
          Lair |   1751 |   1728 |     23 |    170 |   1257 |   2 |  875.5 |
         Abyss |     63 |     63 |      0 |     18 |      0 |   1 |   63.0 |
        Bailey |    400 |    400 |      0 |    107 |    162 |   1 |  400.0 |
               +--------+--------+--------+--------+--------+-----+--------+

Top non-repeatable levels by time:
     D:7: 1237 daAuts
    D:13: 1181 daAuts
     D:4: 1158 daAuts
     D:3: 1147 daAuts
  Lair:2: 1017 daAuts
     D:9: 995 daAuts
    D:10: 811 daAuts
    D:11: 801 daAuts
     D:6: 777 daAuts
     D:5: 763 daAuts
  Lair:1: 733 daAuts
     D:2: 715 daAuts
     D:8: 573 daAuts
     D:1: 432 daAuts
  Bailey: 400 daAuts
